 Dungeon Crawl Stone Soup version 0.23-a0-629-gae4348f (webtiles) character file.

503 Mgcat the Skirmisher (level 6, -1/49 HPs)
             Began as a Demonspawn Berserker on Dec 25, 2018.
             Was a Believer of Trog.
             Slain by an orc
             ... wielding a +0 trident
              (4 damage)
             ... on level 5 of the Dungeon.
             The game lasted 00:07:10 (4185 turns).

Mgcat the Skirmisher (Demonspawn Berserker)         Turns: 4185, Time: 00:07:11

Health: -1/49      AC: 17    Str: 19    XL:     6   Next: 96%
Magic:  6/6        EV:  9    Int: 11    God:    Trog [**....]
Gold:   190        SH:  0    Dex: 13    Spells: 5/5 levels left

rFire    . . .     SeeInvis .   r - -1 hand axe (curse)
rCold    + . .     Gourm    .   (no shield)
rNeg     . . .     Faith    .   v - +0 chain mail
rPois    .         Spirit   .   p - +2 hat
rElec    .         Reflect  .   (no cloak)
rCorr    .         Harm     .   s - +1 pair of gloves
MR       .....                  o - +1 pair of boots
Stlth    ..........             (no amulet)
HPRegen  0.16/turn              q - +3 ring of intelligence
MPRegen  0.10/turn              (no ring)

@: no status effects
A: horns 1, slimy green scales 1, cold resistance 1
a: Berserk, Trog's Hand, Renounce Religion


You were on level 5 of the Dungeon.
You worshipped Trog.
Trog was pleased with you.
You were near starving.

You visited 1 branch of the dungeon, and saw 5 of its levels.

You collected 190 gold pieces.

Inventory:

Hand Weapons
 a - a +0 hand axe
 r - a cursed -1 hand axe (weapon)
   (You found it on level 3 of the Dungeon)
Armour
 o - a +1 pair of boots (worn)
   (You found it on level 3 of the Dungeon)
 p - a +2 hat (worn)
   (You found it on level 3 of the Dungeon)
 s - a +1 pair of gloves (worn)
   (You found it on level 3 of the Dungeon)
 v - a +0 chain mail (worn)
   (You took it off an orc on level 4 of the Dungeon)
Jewellery
 f - an uncursed ring of fire {rF+, rC-}
   (You found it on level 1 of the Dungeon)
 q - a +3 ring of intelligence (left hand)
   (You found it on level 4 of the Dungeon)
Wands
 l - a wand of paralysis (10)
   (You found it on level 2 of the Dungeon)
Scrolls
 d - a scroll of immolation {!r}
 e - 2 scrolls of enchant armour
 h - 2 scrolls of identify
 j - 2 scrolls of teleportation
 u - a scroll of fog {unknown}
Potions
 g - 2 potions of resistance
 k - a potion of haste
 m - a potion of flight
 n - 2 potions of brilliance
 t - a potion of curing {unknown}
Comestibles
 c - 7 rations


   Skills:
 + Level 4.7 Fighting
 + Level 4.2 Axes
 + Level 3.6 Armour
 + Level 3.7 Dodging


You had 5 spell levels left.
You didn't know any spells.
Your spell library was empty.

Dungeon Overview and Level Annotations

Branches:
Dungeon (5/15)
 Temple: D:4-7

Altars:
Dithmenos
Kikubaaqudgha
Uskayaw
Vehumet
Yredelemnul


Innate Abilities, Weirdness & Mutations

You have a pair of small horns on your head.
You are partially covered in slimy green scales. (AC +2)
Your flesh is cold resistant. (rC+)


Message History

An orc comes into view. It is wielding a +0 hand axe.
The gnoll misses you.
You closely miss the gnoll.
The gnoll is heavily wounded.
You hit the gnoll but do no damage. The gnoll closely misses you.
The gnoll sergeant hits you but does no damage.
The gnoll hits you with a +0 spear. The gnoll closely misses you.
You're too hungry.
You hit the gnoll.
The gnoll is moderately wounded.
You barely miss the gnoll. You hit the gnoll.
The gnoll hits you but does no damage.
The gnoll sergeant hits you but does no damage.
The gnoll closely misses you. The gnoll hits you but does no damage.
The gnoll misses you.
You hit the gnoll but do no damage.
You headbutt the gnoll, but do no damage.
The gnoll is moderately wounded.
You hit the gnoll. x2
You kill the gnoll!
Trog accepts your kill.
The gnoll sergeant hits you but does no damage.
The gnoll barely misses you. The gnoll closely misses you.
The howler monkey hoots and howls with incredible vigour!
The gnoll hits you with a +0 flail. The gnoll sergeant barely misses you.
You hear a shout! x4; You hear a howl!
You hear an angry hiss.
You hear a You hit the gnoll.
The gnoll is heavily wounded.
You barely miss the gnoll. You barely miss the howler monkey.
The gnoll hits you with a +0 club! The gnoll hits you but does no damage.
The howler monkey closely misses you.
The gnoll sergeant hits you but does no damage.
The gnoll closely misses you.
You hit the gnoll but do no damage.
You headbutt the gnoll, but do no damage.
The gnoll is heavily wounded.
You barely miss the gnoll.
You hit the howler monkey but do no damage.
The gnoll hits you but does no damage. The howler monkey barely misses you.
The gnoll hits you but does no damage.
The gnoll sergeant hits you from afar with a +0 spear.
You barely miss the gnoll.
The gnoll is heavily wounded.
You closely miss the gnoll. You slash the howler monkey!
The howler monkey closely misses you. The gnoll barely misses you.
The gnoll hits you but does no damage. The gnoll barely misses you.
The gnoll sergeant hits you but does no damage.
You hit the gnoll. Your headbutt misses the gnoll.
The gnoll is severely wounded.
You hit the gnoll. You closely miss the howler monkey.
The howler monkey hoots and howls with incredible vigour!
The gnoll hits you with a +0 flail.
The gnoll hits you but does no damage. x2
The gnoll sergeant barely misses you.
The howler monkey hits you but does no damage.
You hear a shout! x3
You hit the gnoll. You headbutt the gnoll.
You kill the gnoll!
Trog accepts your kill.
You hit the gnoll but do no damage. You hit the howler monkey.
The gnoll hits you with a +0 club.
The howler monkey hits you but does no damage.
An orc opens the door.
The gnoll sergeant hits you but does no damage.
The gnoll hits you but does no damage.
A worm comes into view.
The howler monkey hits you. The gnoll barely misses you.
The gnoll sergeant hits you with a +0 spear.
* * * LOW HITPOINT WARNING * * *
The gnoll hits you but does no damage.
An orc wizard comes into view. It is wielding a +0 dagger.
Things that are here:
a +0 flail; a gnoll corpse Unknown command.
Unknown command.
Unknown command.
The orc wizard shouts!
You slash the howler monkey!
You kill the howler monkey!
Trog accepts your kill. The gnoll sergeant blocks your attack.
You hit the gnoll but do no damage. The gnoll closely misses you.
The gnoll sergeant completely misses you.
Unknown command.
Unknown command.
You closely miss the gnoll sergeant.
You headbutt the gnoll sergeant, but do no damage.
Your chain mail prevents you from hitting the gnoll.
You hit the orc.
The gnoll hits you but does no damage. x2
The gnoll sergeant hits you but does no damage.
An orc comes into view. It is wielding a +1 dagger of venom.
The orc barely misses you.
Unknown command.
Your chain mail prevents you from hitting the gnoll sergeant.
You headbutt the gnoll sergeant, but do no damage.
You hit the orc but do no damage. You hit the gnoll but do no damage.
The gnoll hits you from afar with a +0 halberd!
* * * LOW HITPOINT WARNING * * *
The gnoll sergeant closely misses you. The gnoll closely misses you.
The orc hits you from afar with a +0 trident.
You die...

#.....##.....#
#......#.....#
#.....)#.....+ .
#......#.....# ..
#......#.....# ...
#......#.....# ....
#......'.....# .....
############'#w.o...
......g@ogo#
.......g(..#
.........o.#
...........#
...........'.
...........#..
...........###.
.###########


You could see a gnoll sergeant, a worm, an orc wizard, 2 gnolls and 3 orcs.

Vanquished Creatures
  A centaur (D:3)
  A scorpion (D:4)
  A howler monkey (D:5)
  A hound (D:5)
  An orc wizard (D:3)
  An orc priest (D:3)
  An iguana (D:4)
  Terence (D:3)
  2 worker ants (D:4)
  2 gnolls (D:5)
  3 adders
  3 oozes
  A worm (D:4)
  A dart slug (D:2)
  4 leopard geckos
  12 orcs
  2 ball pythons
  6 bats
  3 giant cockroaches
  5 goblins
  7 hobgoblins
  7 kobolds
  6 frilled lizards
  A quokka skeleton (D:4)
  8 rats
81 creatures vanquished.

Notes
Turn   | Place    | Note
-------+----------+-------------------------------------------
     0 | D:1      | Mgcat the Demonspawn Berserker began the quest for the Orb.
     0 | D:1      | Reached XP level 1. HP: 18/18 MP: 1/1
   231 | D:1      | Reached skill level 2 in Armour
   231 | D:1      | Reached skill level 2 in Dodging
   232 | D:1      | Gained mutation: You are partially covered in slimy green
                  | scales. (AC +2) [demonic ancestry]
   232 | D:1      | Reached XP level 2. HP: 21/24 MP: 2/2
   503 | D:1      | Reached skill level 3 in Axes
   605 | D:1      | Reached XP level 3. HP: 10/29 MP: 3/3
  1314 | D:2      | Reached ** piety under Trog
  1461 | D:2      | Found a shadowy altar of Dithmenos.
  1462 | D:2      | Found a basalt altar of Yredelemnul.
  1463 | D:2      | Found a radiant altar of Vehumet.
  1681 | D:2      | Found an ancient bone altar of Kikubaaqudgha.
  1692 | D:2      | Found a hide-covered altar of Uskayaw.
  2069 | D:3      | Gained mutation: You have a pair of small horns on your
                  | head. [demonic ancestry]
  2069 | D:3      | Reached XP level 4. HP: 30/35 MP: 4/4
  2133 | D:3      | Noticed a centaur
  2146 | D:3      | Killed a centaur
  2146 | D:3      | Reached skill level 4 in Fighting
  2146 | D:3      | Reached XP level 5. HP: 22/42 MP: 5/5
  2610 | D:3      | Noticed Terence
  2613 | D:3      | Killed Terence
  2613 | D:3      | Reached skill level 3 in Armour
  2613 | D:3      | Reached skill level 3 in Dodging
  2992 | D:4      | Gained mutation: Your flesh is cold resistant. (rC+)
                  | [demonic ancestry]
  2992 | D:4      | Reached XP level 6. HP: 46/48 MP: 6/6
  3696 | D:4      | Reached skill level 4 in Axes
  4073 | D:5      | Entered Level 5 of the Dungeon
  4182 | D:5      | HP: 9/49 [gnoll sergeant/+0 spear (6)]
  4185 | D:5      | HP: 3/49 [gnoll/+0 halberd (7)]
  4185 | D:5      | Slain by an orc

Vault maps used:
D:1:      roderic_octagonal_star, minmay_close_crescents
D:2:      eat_drink_and_be_merry_uskayaw, grunt_temple_overflow_open
D:3:      minivault_23, uniq_terence
D:5:      minmay_temple_entry_trees, first_ration

Skill      XL: |  1  2  3  4  5  6 |
---------------+-------------------+-----
Armour         | 2 3 |  3.6
Dodging        | 2 3 |  3.7
Axes           | 3 4 |  4.2
Fighting       | 4 |  4.7

Action                   |  1- 3 |  4- 6 || total
-------------------------+-------+-------++-------
Melee: Hand axe          |   156 |   157 ||   313
       Headbutt          |       |    46 ||    46
Invok: Berserk           |     1 |     1 ||     2
  Use: Scroll            |       |     9 ||     9
 Stab: Sleeping          |     1 |     3 ||     4
  Eat: Chunk             |     5 |     6 ||    11
Armor: Animal skin       |    35 |    37 ||    72
       Chain mail        |       |    28 ||    28
Dodge: Dodged            |   104 |   106 ||   210

Table legend:
 A = Non-vault XP
 B = Vault XP
 C = Vault XP percentage of total XP
 D = Non-vault monster count
 E = Vault monster count
 F = Vault count percentage of total count
                 A         B        C        D         E       F
            +---------+---------+-------+---------+---------+-------
      Total |     668 |      51 |   7.1 |      74 |       7 |   8.6
            +---------+---------+-------+---------+---------+-------
        D:1 |      48 |      15 |  23.8 |      26 |       6 |  18.8
        D:2 |      29 |       0 |   0.0 |       9 |       0 |   0.0
        D:3 |     250 |      36 |  12.6 |      20 |       1 |   4.8
        D:4 |     215 |       0 |   0.0 |      15 |       0 |   0.0
        D:5 |     126 |       0 |   0.0 |       4 |       0 |   0.0
            +---------+---------+-------+---------+---------+-------

Vault maps used:
D:1:      roderic_octagonal_star, minmay_close_crescents
D:2:      eat_drink_and_be_merry_uskayaw, grunt_temple_overflow_open
D:3:      minivault_23, uniq_terence
D:5:      minmay_temple_entry_trees, first_ration

Table legend:
 A = Turns spent in this place as a percentage of turns spent in the entire game.
 B = Non-inter-level travel turns spent in this place as a percentage of non-inter-level travel turns spent in the entire game.
 C = Inter-level travel turns spent in this place as a percentage of turns spent in this place.
 D = Turns resting spent in this place as a percentage of non-inter-level travel turns spent in this place.
 E = Turns spent auto-exploring this place as a percentage of non-inter-level travel turns spent in this place.
 F = Non-inter-level travel turns spent in this place divided by the number of levels of this place that you've seen.
                   A       B       C       D       E      F
               +-------+-------+-------+-------+-------+----------------------
         Total | 100.0 | 100.0 |   3.0 |   2.3 |  82.7 | 811.8
       Dungeon | 100.0 | 100.0 |   3.0 |   2.3 |  82.7 | 811.8
               +-------+-------+-------+-------+-------+----------------------

Table legend:
 A = Kills in this place as a percentage of kills in entire the game.
 B = Kills by you in this place as a percentage of kills by you in the entire game.
 C = Kills by friends in this place as a percentage of kills by friends in the entire game.
 D = Other kills in this place as a percentage of other kills in the entire game.
 E = Experience gained in this place as a percentage of experience gained in the entire game.
 F = Experience gained in this place divided by the number of levels of this place that you have seen.
                   A       B       C       D       E      F
               +-------+-------+-------+-------+-------+----------------------
         Total | 100.0 | 100.0 |   N/A |   N/A | 100.0 | 143.8
       Dungeon | 100.0 | 100.0 |   N/A |   N/A | 100.0 | 143.8
               +-------+-------+-------+-------+-------+----------------------
